 Dungeon Crawl Stone Soup version 0.30-a0-972-gf3ab3527aa (webtiles) character file.

Game seed: 615380395178137771

659 vineage the Cudgeller (level 7, -11/44 HPs)
             Began as a Gargoyle Fighter on Mar 31, 2023.
             Was a Follower of Okawaru.
             Mangled by an ogre
             ... wielding a +0 giant club
              (21 damage)
             ... on level 5 of the Dungeon.
             The game lasted 00:03:54 (3671 turns).

vineage the Cudgeller (Gargoyle Fighter)            Turns: 3671, Time: 00:03:55

Health: -11/44     AC: 15    Str: 20    XL:     7   Next: 55%
Magic:  7/7        EV:  9    Int:  8    God:    Okawaru [*.....]
Gold:   439        SH: 11    Dex: 11    Spells: 6/6 levels left

rFire   + . .      SeeInvis .    a - +1 flail
rCold   . . .      Faith    .    k - +1 buckler {rF+}
rNeg    + . .      Spirit   .    b - +0 scale mail
rPois   ∞          Reflect  +    q - +2 helmet
rElec   +          Rampage  .    (no cloak)
rCorr   +                        (no gloves)
Will    .....                    (no boots) Stlth
                                 n - amulet of reflection
HPRegen 0.27/turn                o - ring of resist corrosion
MPRegen 0.10/turn                (no ring)

@: no status effects
A: sickness immunity, AC +4, negative energy resistance 1, electricity
resistance, torment resistance 1, petrification resistance
a: Renounce Religion, Heroism


You were on level 5 of the Dungeon.
You worshipped Okawaru.
Okawaru was aware of your devotion.
You visited 1 branch of the dungeon, and saw 5 of its levels.

You collected 439 gold pieces.

Inventory:

Hand Weapons
 a - a +1 flail (weapon)
Armour
 b - a +0 scale mail (worn)
 k - a +1 buckler of fire resistance (worn)
 q - a +2 helmet (worn)
Jewellery
 l - an amulet of magic regeneration
 n - an amulet of reflection (around neck)
 o - a ring of resist corrosion (left hand)
Scrolls
 c - a scroll of amnesia
 e - 3 scrolls of poison
 g - a scroll of enchant weapon
 j - a scroll of magic mapping
Potions
 f - 4 potions of curing
 h - 2 potions of brilliance
 i - 2 potions of flight
 m - 4 potions of cancellation
 p - a potion of haste


   Skills:
 + Level 5.1 Fighting
 * Level 5.4 Maces & Flails
 + Level 5.0 Armour
 + Level 5.0 Shields


You had 6 spell levels left.
You didn't know any spells.
Your spell library contained the following spells:

 Spells                   Type           Power      Damage    Failure   Level
 Apportation              Tloc           0%         N/A       83%         1
 Alistair's Intoxication  Tmut/Pois      0%         N/A       100%        5


Dungeon Overview and Level Annotations

Branches:
Dungeon (5/15)
 Temple: D:4-7

Altars:
Okawaru
The Shining One


Innate Abilities, Weirdness & Mutations

You are immune to sickness and miasma.
Your stone body is resilient. (AC +4)
You are immune to poison.
You resist negative energy. (rN+)
You are resistant to electric shocks. (rElec)
You are resistant to unholy torment.
You are immune to petrification.


Message History

An ogre comes into view. It is wielding a +0 giant club.
The ogre shouts!
An ogre is nearby!
An ogre is nearby!
The ogre hits you with a +0 giant club!
You barely miss the ogre. The ogre closely misses you.
You closely miss the ogre. You barely miss the ogre.
The ogre hits you with a +0 giant club!
You are too injured to fight recklessly!
You are too injured to fight recklessly!
You are too injured to fight recklessly!
You are too injured to fight recklessly!
You are too injured to fight recklessly!
You are too injured to fight recklessly!
You are too injured to fight recklessly!
You are too injured to fight recklessly!
You are too injured to fight recklessly!
You are too injured to fight recklessly!
You are too injured to fight recklessly!
You are too injured to fight recklessly!
You are too injured to fight recklessly!
You sock the ogre!
The ogre is moderately wounded.
The ogre closely misses you.
You barely miss the ogre.
The ogre is moderately wounded.
The ogre misses you.
You closely miss the ogre.
The ogre is moderately wounded.
The ogre hits you with a +0 giant club!
* * * LOW HITPOINT WARNING * * *
You hit the ogre.
The ogre is moderately wounded.
The ogre closely misses you.
You hit the ogre.
The ogre is heavily wounded.
You hit the ogre.
The ogre is severely wounded.
The ogre hits you with a +0 giant club!!
You die...

#..................
##.................#
#.................##
##.................##
##.................##
#.....[.............
##..................
##.................
##........@O......
##...............
##.............#
#...:.........#
#..#..........#
#...##..######## #..#
#.## ... #..


You could see an ogre.

Vanquished Creatures
  2 ogres
  2 phantoms
  A scorpion (D:4)
  An orc priest (D:3)
  2 jellies (D:4)
  An orc wizard (D:3)
  7 adders
  A white imp (D:5)
  3 dart slugs
  A worm (D:3)
  8 orcs
  6 bats
  7 endoplasms
  9 giant cockroaches
  7 goblins
  7 hobgoblins
  4 jackals (D:4)
  4 quokkas
  4 ball pythons
  2 frilled lizards
  11 kobolds
  3 rats
93 creatures vanquished.

Vanquished Creatures (others)
  9 fungi (D:3)
  5 toadstools (D:3)
14 creatures vanquished.

Grand Total: 107 creatures vanquished

Notes
Turn   | Place    | Note
-------+----------+-------------------------------------------
     0 | D:1      | vineage the Gargoyle Fighter began the quest for the Orb.
     0 | D:1      | Reached XP level 1. HP: 14/14 MP: 1/1
   261 | D:1      | Reached XP level 2. HP: 8/19 MP: 2/2
   526 | D:1      | Reached XP level 3. HP: 22/23 MP: 3/3
  1298 | D:2      | Reached XP level 4. HP: 29/29 MP: 4/4
  2127 | D:3      | Found a glowing golden altar of the Shining One.
  2267 | D:3      | Reached XP level 5. HP: 33/33 MP: 5/5
  2495 | D:3      | Found an iron altar of Okawaru.
  2535 | D:3      | Became a worshipper of Warmaster Okawaru
  2577 | D:4      | Reached XP level 6. HP: 38/38 MP: 6/6
  2834 | D:4      | HP: 1/39 [ogre/+0 giant club (12)]
  2854 | D:4      | Reached * piety under Okawaru
  3143 | D:4      | Reached skill level 5 in Maces & Flails
  3143 | D:4      | Reached XP level 7. HP: 42/44 MP: 7/7
  3454 | D:5      | Entered Level 5 of the Dungeon
  3474 | D:5      | Reached skill level 5 in Fighting
  3584 | D:5      | Reached skill level 5 in Armour
  3584 | D:5      | Reached skill level 5 in Shields
  3671 | D:5      | Mangled by an ogre

Illustrated notes

Levels and vault maps discovered:
D:1:      ncdulo_wetmaze, layout_basic
D:2:      layout_loops_corners, small_statue_intersection, skrybe_limestone_x,
          fountainhead, chequers_serial_rivers_marsh
D:3:      layout_rooms, mainiacjoe_overflow_concentric_impassable,
          mainiacjoe_overflow_alcove_4, minmay_gold_behind_fungi
D:4:      layout_loops_ring, eino_tiny_chamber, minmay_misc_feat_square,
          minmay_pentomino_pile
D:5:      layout_layer_cave, lemuel_zombie_altar_kikubaaqudgha,
          grunt_ministairs_14

Skill      XL: |  1  2  3  4  5  6  7 |
---------------+----------------------+-----
Maces & Flails | 3 4 5 |  5.4
Fighting       | 4 5 |  5.1
Armour         | 4 5 |  5.0
Shields        | 4 5 |  5.0

Action                     |  1- 3 |  4- 6 |  7- 9 || total
---------------------------+-------+-------+-------++-------
  Melee: Flail             |    79 |   182 |    62 ||   323
    Use: Scroll            |     3 |     8 |     1 ||    12
         Potion            |       |     3 |       ||     3
 Armour: Scale mail        |    36 |   102 |    20 ||   158
  Dodge: Dodged            |    40 |    90 |    15 ||   145
  Block: Buckler           |    17 |    38 |    29 ||    84
         Reflection        |       |       |     3 ||     3

Table legend: (Time is in decaauts)
 A = Elapsed time spent in this place.
 B = Non-inter-level travel time spent in this place.
 C = Inter-level travel time spent in this place.
 D = Time resting spent in this place.
 E = Time spent auto-exploring this place.
 F = Levels seen in this place.
 G = Mean time per level.
                   A        B        C        D        E       F      G
               +--------+--------+--------+--------+--------+-----+--------+
         Total |   3762 |   3569 |    193 |      0 |   2786 |   5 |  752.4 |
       Dungeon |   3762 |   3569 |    193 |      0 |   2786 |   5 |  752.4 |
               +--------+--------+--------+--------+--------+-----+--------+

Top non-repeatable levels by time:
     D:1: 1149 daAuts
     D:2: 922 daAuts
     D:4: 904 daAuts
     D:3: 562 daAuts
     D:5: 224 daAuts
